 Dungeon Crawl Stone Soup version 0.29.1-4-g47bece8355 (webtiles) character file.

Game seed: 15891045256697476451

1395 sanboga the Cleaver (level 8, -4/71 HPs)
             Began as a White Draconian Berserker on Dec 11, 2022.
             Was a Priest of Trog.
             Slain by Maggie
             ... wielding a +0 morningstar
              (11 damage)
             ... on level 6 of the Dungeon.
             The game lasted 00:04:14 (5206 turns).

sanboga the Cleaver (White Draconian Berserker)     Turns: 5206, Time: 00:04:14

Health: -4/71      AC:  8    Str: 21    XL:     8   Next: 41%
Magic:  8/8        EV: 13    Int:  8    God:    Trog [***...]
Gold:   203        SH:  0    Dex: 11    Spells: 7/7 levels left

rFire   . . .      SeeInvis .   z - +0 battleaxe
rCold   + . .      Faith    .   (shield currently unavailable)
rNeg    . . .      Spirit   .   (body armour unavailable)
rPois   .          Reflect  .   (helmet restricted)
rElec   .          Harm     .   (no cloak)
rCorr   .          Rampage  .   w - +0 pair of gloves
Will    .....                   k - +0 pair of boots
Stlth   +.........              (no amulet)
HPRegen 0.21/turn               (no ring)
MPRegen 0.11/turn               (no ring)

@: no status effects
A: breathe frost, AC +6, unfitting armour, cold resistance 1, cold-blooded
a: Breathe Frost, Renounce Religion, Berserk, Trog's Hand


You were on level 6 of the Dungeon.
You worshipped Trog.
Trog was most pleased with you.
You visited 1 branch of the dungeon, and saw 6 of its levels.

You collected 294 gold pieces.
You spent 91 gold pieces at shops.

Inventory:

Hand Weapons
 z - a +0 battleaxe (weapon)
Armour
 k - a +0 pair of boots (worn)
 w - a +0 pair of gloves (worn)
Scrolls
 a - 2 scrolls of brand weapon {unknown}
 f - a scroll of enchant weapon {unknown}
 g - 3 scrolls of identify {unknown}
 i - a scroll of immolation {unknown}
 j - a scroll of magic mapping {unknown}
 p - 2 scrolls of teleportation {unknown}
 r - a scroll of butterflies {unknown}
 s - a scroll of blinking {unknown}
 t - 2 scrolls of poison {unknown}
 x - a scroll of enchant armour {unknown}
 y - a scroll of silence {unknown}
 A - a scroll of noise {unknown}
Potions
 b - a potion of flight {unknown}
 c - 3 potions of attraction {unknown}
 d - a potion of brilliance {unknown}
 e - a potion of resistance {unknown}
 h - 2 potions of curing {unknown}
 l - 2 potions of cancellation {unknown}
 m - a potion of heal wounds {unknown}
 n - a potion of berserk rage {unknown}
 o - a potion of haste {unknown}
 q - 2 potions of lignification {unknown}
 u - a potion of degeneration {unknown}
 v - 3 potions of mutation {unknown}


   Skills:
 + Level 6.5 Fighting
 * Level 8.0 Axes
 + Level 5.4 Dodging


You had 7 spell levels left.
You didn't know any spells.
Your spell library was empty.

Dungeon Overview and Level Annotations

Branches:
Dungeon (6/15)
 Temple: D:4-7

Altars:
Ashenzari
Cheibriados
Dithmenos
Gozag
Makhleb
Nemelex Xobeh
Ru
Wu Jian

Shops:
D:1 (   D:5 (

Annotations:
D:6 Maggie


Innate Abilities, Weirdness & Mutations

You can breathe waves of freezing cold which knock back foes.
Your icy white scales are hard. (AC +6)
You cannot fit into any form of body armour.
Your flesh is cold resistant. (rC+)
You are cold-blooded and may be slowed by cold attacks.


Message History

You destroy Menkaure!
Trog accepts your kill.
Trog appreciates your killing of a magic user.
Your Axes skill increases to level 8!
No target in view!
v - 3 glowing inky potions (gained 1) HP restored.
Found a whip.
No target in view!
Found a stone.
Maggie the Vainglorious comes into view.
She is wielding a +0 morningstar.
Found a scale mail.
Maggie gestures wildly while chanting.
Maggie attempts to bespell you!
You are mesmerised by Maggie!
Maggie points at you and mumbles some strange words.
The bolt of fire hits you!!
Maggie is nearby!
Maggie barely misses you.
You are too mesmerised to rage.
You slash Maggie!
Your tail-slap misses Maggie.
Maggie is lightly wounded.
Maggie hits you with a +0 morningstar!
You hit Maggie but do no damage.
Maggie is lightly wounded.
Maggie barely misses you.
You slash Maggie!
Maggie is heavily wounded.
Maggie points at you and mumbles some strange words.
The bolt of fire hits you!!
* * * LOW HITPOINT WARNING * * *
You barely miss Maggie.
Maggie is heavily wounded.
Maggie barely misses you. Maggie hits you with a +0 morningstar.
* * * LOW HITPOINT WARNING * * *
You slice Maggie!!
Maggie is severely wounded.
You break out of your daze.
Maggie hits you with a +0 morningstar!
You die...

#.# #.####
#####.###########.#
#.................#
#.###.#################
#.# ###..(......## #.#
#.............
###.######..........#
#........#...)......##
#.#.#.####.#....@@......
+.......................
#.#.#.##.#.#............
#.#.####.#.#.....$....##
. . ..#.#.###+###+## .#
####.#.# .. #.#.# .
#.#.# .....


You could see Maggie.

Vanquished Creatures
  The ghost of sanboga the Chopper, a novice DrBe of Trog (D:4)
  Menkaure (D:6)
  3 ogres (D:4)
  A phantom (D:4)
  A bullfrog (D:5)
  2 scorpions (D:5)
  An orc priest (D:3)
  2 hounds (D:4)
  An iguana (D:5)
  6 orc wizards
  11 adders
  2 dart slugs
  13 orcs
  5 endoplasms
  4 giant cockroaches
  8 goblins
  9 hobgoblins
  4 jackals (D:1)
  3 quokkas
  4 ball pythons
  4 bats
  2 frilled lizards
  10 kobolds
  7 rats
105 creatures vanquished.

Vanquished Creatures (others)
  2 fungi (D:1)
  6 plants (D:1)
8 creatures vanquished.

Grand Total: 113 creatures vanquished

Notes
Turn   | Place    | Note
-------+----------+-------------------------------------------
     0 | D:1      | sanboga the Draconian Berserker began the quest for the
                  | Orb.
     0 | D:1      | Reached XP level 1. HP: 19/19 MP: 1/1
   168 | D:1      | Reached XP level 2. HP: 23/26 MP: 2/2
   349 | D:1      | Found Bopt's Weapon Boutique.
   607 | D:1      | Found a faded altar of an unknown god.
   716 | D:1      | Reached XP level 3. HP: 21/31 MP: 3/3
  1007 | D:2      | Reached ** piety under Trog
  1354 | D:2      | Reached skill level 4 in Axes
  1533 | D:2      | Reached XP level 4. HP: 40/40 MP: 4/4
  1879 | D:3      | Reached XP level 5. HP: 28/46 MP: 5/5
  2091 | D:3      | Found a snail-covered altar of Cheibriados.
  2100 | D:3      | Found a burning altar of Makhleb.
  2101 | D:3      | Found a sparkling altar of Nemelex Xobeh.
  2102 | D:3      | Found an ornate altar of the Wu Jian Council.
  2103 | D:3      | Found a sacrificial altar of Ru.
  2692 | D:4      | Found a shadowy altar of Dithmenos.
  2708 | D:4      | Noticed an ogre
  2717 | D:4      | Killed an ogre
  2718 | D:4      | Reached skill level 5 in Axes
  2718 | D:4      | Reached XP level 6. HP: 53/53 MP: 6/6
  2822 | D:4      | Found a transporter.
  2823 | D:4      | Noticed sanboga's ghost (novice DrBe)
  2828 | D:4      | Identified the +7 dire flail of Instant Death {venom,
                  | Int+9}
  2830 | D:4      | Found a transporter.
  2902 | D:4      | Killed sanboga's ghost
  2903 | D:4      | Reached skill level 5 in Fighting
  2903 | D:4      | Reached skill level 6 in Axes
  2903 | D:4      | Your scales start taking on an icy white colour.
  2903 | D:4      | Reached XP level 7. HP: 34/61 MP: 7/7
  2903 | D:4      | Gained mutation: Your flesh is cold resistant. (rC+) [White
                  | Draconian growth]
  3420 | D:4      | Found an opulent altar of Gozag.
  3449 | D:4      | Reached skill level 7 in Axes
  3706 | D:5      | Entered Level 5 of the Dungeon
  3706 | D:5      | Found a broken altar of Ashenzari.
  3742 | D:5      | Reached *** piety under Trog
  3743 | D:5      | Reached skill level 5 in Dodging
  3743 | D:5      | Reached XP level 8. HP: 33/70 MP: 8/8
  4456 | D:5      | Found Haxuuq's Weapon Emporium.
  4465 | D:5      | Bought a +0 battleaxe for 91 gold pieces
  5104 | D:6      | Noticed Menkaure
  5108 | D:6      | Killed Menkaure
  5109 | D:6      | Reached skill level 8 in Axes
  5197 | D:6      | Noticed Maggie
  5206 | D:6      | Slain by Maggie

Illustrated notes

Levels and vault maps discovered:
D:1:      sevenhm_arrival_forest_fort_small_5, layout_basic, serial_shops,
          nicolae_shop_bloodbath_and_beyond,
          shapermc_ecumenical_altar_mp_ritualfount, minmay_curled_crystal,
          kennysheep_nondescript
D:2:      layout_rooms, moated_statue, minmay_unequal
D:3:      layout_loops_ring, grunt_temple_overflow_open
D:4:      layout_rooms, mainiacjoe_overflow_paths,
          nicolae_overflow_crystal_walls, gammafunk_ghost_smash,
          serial_corexii_hall, chequers_hall_statues_corner_a,
          corexii_hall_statues_x
D:5:      layout_layer_cave, amcnicky_altar_gilded, serial_shops, shop,
          minmay_a_box_with_orc_wizards_in_it
D:6:      layout_basic, lemuel_tele_altar, minmay_temple_entry_stoned_glass,
          minmay_misc_feat_pillars, kennysheep_small_circle, uniq_blork_the_orc,
          uniq_menkaure, uniq_maggie

Skill      XL: |  1  2  3  4  5  6  7  8 |
---------------+-------------------------+-----
Dodging        | 3 4 5 |  5.4
Axes           | 4 5 6 7 8 |  8.0
Fighting       | 4 5 6 |  6.5

Action                   |  1- 3 |  4- 6 |  7- 9 || total
-------------------------+-------+-------+-------++-------
Melee: Hand axe          |   145 |    56 |       ||   201
       Tailslap          |    14 |    10 |    16 ||    40
       War axe           |       |    51 |    92 ||   143
       Battleaxe         |       |       |    10 ||    10
       Punch             |       |       |     1 ||     1
Invok: Berserk           |       |     3 |     1 ||     4
Armor: Skin              |    41 |    48 |    34 ||   123
Dodge: Dodged            |    97 |    44 |    65 ||   206
